 Dungeon Crawl Stone Soup version 0.31-a0-1278-g11c5b68f87 (webtiles) character file.

Game seed: 10721939347620708032

25011 Sabo the Severer (level 13, -1/118 HPs)
             Began as a Hill Orc Monk on Dec 12, 2023.
             Was the Champion of Okawaru.
             Killed from afar by a crystal guardian (9 damage)
             ... with a crystal bolt
             ... led by a peacekeeper
             ... on level 1 of the Vaults on Dec 17, 2023.
             The game lasted 01:30:03 (14849 turns).

Sabo the Severer (Hill Orc Monk)                   Turns: 14849, Time: 01:30:04

Health: -1/118     AC: 44    Str: 21    XL:     13   Next: 16%
Magic:  20/20      EV:  7    Int: 10    God:    Okawaru [******]
Gold:   1514       SH:  0    Dex: 22    Spells: 12/12 levels left

rFire   + + +        Q - +3 battleaxe of Tortured Conscience {freeze, Str+2}
rCold   + . .        (shield currently unavailable)
rNeg    . . .        K - +11 crystal plate armour of Okawaru's Castigation {Will+}
rPois   .            u - +0 helmet of Prudence {rCorr Dex+3}
rElec   .            j - scarf {rC+ rF+}
rCorr   +            q - +2 pair of gloves
SInv    .            o - +2 pair of boots of Lifelessness {rF++ Dex+3}
Will    +....        h - amulet of Arhizu {Faith Dex+3} Stlth
                     H - +4 ring of protection
HPRegen 0.39/turn    A - +4 ring of slaying
MPRegen 0.17/turn

%: faith
@: confused, ambrosia-drunk, marked
A: no striking features
a: Renounce Religion, Heroism, Finesse, Duel


You were on level 1 of the Vaults.
You worshipped Okawaru.
Okawaru was exalted by your worship.
You visited 2 branches of the dungeon, and saw 13 of its levels.
You also visited: Bailey and Ice Cave.

You collected 1586 gold pieces.
You spent 72 gold pieces at shops.

Inventory:

Hand Weapons
 m - a +4 battleaxe
 n - a +5 hand axe of venom
 p - a +5 long sword of protection
 w - a +0 scythe
 y - a +0 arbalest
 F - the +4 executioner's axe of the Demagogue {heavy, rF+}
   (Okawaru gifted it to you in a bailey)

   rF+:       It protects you from fire.
 I - a +2 morningstar of freezing
 Q - the +3 battleaxe of Tortured Conscience (weapon) {freeze, Str+2}
   (You found it in an ice cave)

   Str+2:     It affects your strength (+2).
Missiles
 g - 18 poisoned darts (quivered)
 G - 7 javelins
Armour
 d - an orb of light
 j - a scarf of resistance (worn)
 o - the +2 pair of boots of Lifelessness (worn) {rF++ Dex+3}
   (You found it on level 6 of the Dungeon)

   Dex+3:     It affects your dexterity (+3).
   rF++:      It greatly protects you from fire.
 q - a +2 pair of gloves (worn)
 u - the +0 helmet of Prudence (worn) {rCorr Dex+3}
   (You acquired it on level 6 of the Dungeon)

   Dex+3:     It affects your dexterity (+3).
   rCorr:     It protects you from acid and corrosion.
 K - the +11 crystal plate armour of Okawaru's Castigation (worn) {Will+}
   (Okawaru gifted it to you in a bailey)

   Will+:     It increases your willpower.
Jewellery
 h - the amulet of Arhizu (around neck) {Faith Dex+3}
   (You acquired it on level 6 of the Dungeon)

   [amulet of faith]

   Faith:     It allows you to gain divine favour quickly.
   Dex+3:     It affects your dexterity (+3).
 A - a +4 ring of slaying (right hand)
 H - a +4 ring of protection (left hand)
Wands
 L - a wand of flame (13)
 N - a wand of mindburst (11)
Scrolls
 b - a scroll of fog
 i - 2 scrolls of poison
 r - 8 scrolls of teleportation
 s - 3 scrolls of fear
 v - 3 scrolls of blinking
 E - a scroll of enchant armour
Potions
 a - 2 potions of berserk rage {unknown}
 c - a potion of ambrosia
 e - 5 potions of curing
 f - 2 potions of cancellation
 k - 2 potions of heal wounds
 l - a potion of attraction {unknown}
 z - a potion of mutation {unknown}
 C - 2 potions of haste {unknown}
 D - a potion of resistance {unknown}
 M - a potion of brilliance


   Skills:
 + Level 12.3 Fighting
 + Level 17.0 Axes
 + Level 3.7 Ranged Weapons
 + Level 1.0 Throwing
 + Level 10.8 Armour
 + Level 5.6 Dodging
 + Level 2.5 Stealth
 * Level 9.5 Invocations


You had 12 spell levels left.
You didn't know any spells.
Your spell library contained the following spells:

 Spells                   Type           Power      Damage    Failure   Level
 Poisonous Vapours        Pois/Air       0%         N/A       100%        2
 Inner Flame              Hex/Fire       0%         N/A       100%        3
 Mephitic Cloud           Conj/Pois/Air  0%         N/A       100%        3
 Stone Arrow              Conj/Erth      0%         3d7       100%        3
 Freezing Cloud           Conj/Ice/Air   0%         6-21      100%        5
 Yara's Violent Unravell  Hex/Tmut       0%         3d3       100%        5
 Enfeeble                 Hex            0%         N/A       100%        7
 Lehudib's Crystal Spear  Conj/Erth      0%         10d2      100%        8
 Animate Armour           Summ/Erth      Unusable   N/A       N/A         4

Dungeon Overview and Level Annotations

Branches:
Dungeon (13/15)            Temple (0/1) D:6            Lair (0/5) D:8
 Vaults (1/5) D:13         Bailey (visited)           IceCv (visited)
    Orc: D:9-12

Altars:
Ashenzari
Cheibriados
Dithmenos
Elyvilon
Gozag
Hepliaklqana
Kikubaaqudgha
Nemelex Xobeh
Okawaru
Sif Muna
Trog
Vehumet
Zin
The Shining One

Shops:
D:6 :!?   D:9 (


Message History

The crystal bolt burns you. You resist.
* * * LOW HITPOINT WARNING * * *
The lindwurm is engulfed in poison gas.
The lindwurm looks even sicker.
The yaktaur captain hits you but does no damage.
You slash the crystal guardian!
The crystal guardian is moderately damaged.
You slice the yaktaur captain!! You freeze the yaktaur captain.
You kill the yaktaur captain!
Okawaru accepts your kill. Okawaru grants you throwing weapons!
Something appears at your feet! The crystal guardian hits you!!
* * * LOW HITPOINT WARNING * * *
The lindwurm is engulfed in poison gas.
The lindwurm looks even sicker.
The great orb of eyes gazes at you.
You are confused.
Your Axes skill increases to level 17!
You are more confused.
You feel invigorated.
The crystal guardian hits you but does no damage.
Cornered, the lindwurm turns to fight!
You hit the crystal guardian but do no damage.
The crystal guardian is moderately damaged.
You barely miss the great orb of eyes.
The crystal guardian no longer looks unusually strong.
The crystal guardian hits you but does no damage.
The crystal guardian fires a crystalline bolt at you.
The crystal bolt freezes the crystal guardian.
The crystal guardian completely resists.
The crystal bolt freezes you! You resist.
* * * LOW HITPOINT WARNING * * *
The great orb of eyes barely misses you.
You completely miss the crystal guardian.
The crystal guardian is moderately damaged.
You slash the great orb of eyes! You freeze the great orb of eyes.
The crystal guardian hits you but does no damage.
The crystal guardian fires a crystalline bolt at you.
The crystal bolt burns the crystal guardian.
The crystal guardian completely resists.
The crystal bolt burns you! You resist.
You die...

#..)....##.......#
#...°...○........#
#....☼°.##.......+
#......°.........#
##..>.○####)....#
#...○.☼........#
##.☼.######...##
##'## ##### #@.#
#9G# $9##.. #.9
.○# ..## ##k. '..
☼.# ## ##


You could see a great orb of eyes, 2 crystal guardians, a lindwurm (very
poisoned) and a peacekeeper.

Vanquished Creatures
  A vault warden (Vaults:1)
  An ironbound thunderhulk (Vaults:1)
  An orc warlord (D:13)
  3 yaktaur captains (Vaults:1)
  A great orb of eyes (Vaults:1)
  2 centaur warriors (D:13)
  A catoblepas (D:13)
  8 two-headed ogres
  The ghost of gekpol the Firebug, a novice NaFE of Ashenzari (D:7)
  Pikel (D:5)
  An ugly thing (IceCv)
  The ghost of grandjackal the Trooper, a novice DjCA of Ignis (D:7)
  An arcanist (Vaults:1)
  A manticore (D:10)
  A vault sentinel (Vaults:1)
  3 ice statues (IceCv)
  A freezing wraith (IceCv)
  An efreet (D:13)
  An anaconda simulacrum (IceCv)
  A komodo dragon (D:8)
  A hornet (D:8)
  3 trolls
  Sigmund (D:6)
  3 wraiths
  6 yaks (D:10)
  A vampire (D:11)
  A wyvern (D:8)
  3 basilisks (D:8)
  7 vampire mosquitoes (D:13)
  2 death yak simulacra (IceCv)
  A steam dragon (D:10)
  An acid dragon (D:8)
  2 water moccasins (D:9)
  A hydra simulacrum (IceCv)
  12 orc warriors
  A black bear (D:5)
  5 ice beasts
  2 lemures (D:5)
  5 centaurs
  A phantom (D:6)
  A kobold brigand (D:8)
  2 bullfrogs
  A cane toad simulacrum (IceCv)
  2 scorpions (D:4)
  3 wights (D:8)
  8 killer bees
  An electric eel (D:6)
  4 howler monkeys
  5 hounds
  2 jellies
  A gnoll bouda (D:5)
  7 orc priests
  3 iguanas
  2 sleepcaps
  5 orc wizards
  Natasha (thrice) (D:4)
  A polar bear simulacrum (IceCv)
  2 wolf simulacra (IceCv)
  8 adders
  5 gnolls
  2 shadow imps
  2 white imps
  2 ufetubi (D:5)
  8 worms
  A dart slug (D:3)
  32 orcs
  8 endoplasms
  5 giant cockroaches
  7 goblins
  7 hobgoblins
  4 jackals (D:5)
  13 kobolds
  4 quokkas
  8 ball pythons
  5 bats
  5 frilled lizards
  5 rats
275 creatures vanquished.

Vanquished Creatures (others)
  An arcanist (D:9)
1 creature vanquished.

Grand Total: 276 creatures vanquished

Notes
Turn   | Place    | Note
-------+----------+-------------------------------------------
     0 | D:1      | Sabo the Hill Orc Monk began the quest for the Orb.
     0 | D:1      | Reached XP level 1. HP: 19/19 MP: 1/1
   491 | D:1      | Reached XP level 2. HP: 26/27 MP: 2/2
   901 | D:1      | Found a faded altar of an unknown god.
  1014 | D:1      | Reached XP level 3. HP: 32/33 MP: 3/3
  1255 | D:2      | Reached skill level 5 in Axes
  1736 | D:2      | Reached skill level 1 in Armour
  2153 | D:2      | Reached XP level 4. HP: 40/40 MP: 4/4
  2537 | D:3      | Found a broken altar of Ashenzari.
  2537 | D:3      | Found a sparkling altar of Nemelex Xobeh.
  2541 | D:3      | Upgraded the game from 0.31-a0-1204-ge2c1a860ed to
                  | 0.31-a0-1227-g0136665373
  2940 | D:3      | Reached skill level 6 in Axes
  3178 | D:3      | Found a glowing silver altar of Zin.
  3178 | D:3      | Noticed an angel
  3688 | D:4      | Reached XP level 5. HP: 46/46 MP: 5/5
  3705 | D:4      | Found an iron altar of Okawaru.
  3717 | D:4      | Found a hazy altar of Hepliaklqana.
  3863 | D:4      | Reached skill level 7 in Axes
  3962 | D:4      | Noticed Natasha
  3975 | D:4      | Killed Natasha
  3976 | D:4      | Reached XP level 6. HP: 48/53 MP: 6/6
  3983 | D:4      | Found an ancient bone altar of Kikubaaqudgha.
  4290 | D:4      | Found a glowing drain.
  4421 | D:4      | Noticed Natasha
  4430 | D:4      | Reached skill level 8 in Axes
  4432 | D:4      | Killed Natasha
  4433 | D:4      | Reached XP level 7. HP: 42/60 MP: 7/7
  4717 | D:4      | Noticed Natasha
  4726 | D:4      | Killed Natasha
  4780 | D:4      | Upgraded the game from 0.31-a0-1227-g0136665373 to
                  | 0.31-a0-1237-gabc64e778c
  4975 | D:4      | Became a worshipper of Warmaster Okawaru
  4975 | D:4      | Reached * piety under Okawaru
  4975 | D:4      | Reached ** piety under Okawaru
  5007 | D:5      | Entered Level 5 of the Dungeon
  5021 | D:5      | Noticed Pikel
  5176 | D:5      | Reached skill level 5 in Fighting
  5222 | D:5      | Killed Pikel
  5223 | D:5      | Reached skill level 9 in Axes
  5223 | D:5      | Reached XP level 8. HP: 64/70 MP: 8/8
  5479 | D:5      | Reached skill level 10 in Axes
  5880 | D:5      | Found a radiant altar of Vehumet.
  6114 | D:6      | Reached skill level 5 in Armour
  6155 | D:6      | Found a shimmering blue altar of Sif Muna.
  6192 | D:6      | Found a shadowy altar of Dithmenos.
  6415 | D:6      | Reached *** piety under Okawaru
  6497 | D:6      | Found Buom's Magic Scroll Boutique.
  6501 | D:6      | Bought a scroll of identify for 24 gold pieces
  6501 | D:6      | Bought a scroll of identify for 24 gold pieces
  6501 | D:6      | Bought a scroll of identify for 24 gold pieces
  6548 | D:6      | Identified the +2 pair of boots of Lifelessness {rF++
                  | Dex+3}
  6573 | D:6      | Found Zudoh's Distillery.
  6617 | D:6      | Noticed Sigmund
  6642 | D:6      | Killed Sigmund
  6643 | D:6      | Reached skill level 11 in Axes
  6643 | D:6      | Reached skill level 1 in Stealth
  6643 | D:6      | Reached XP level 9. HP: 78/78 MP: 9/9
  7071 | D:6      | Found a staircase to the Ecumenical Temple.
  7141 | D:6      | Found Umat's Book Shoppe.
  7215 | D:6      | Identified 2 scrolls of acquirement
  7215 | D:6      | Acquired the +0 helmet of Prudence {rCorr Dex+3}
  7224 | D:6      | Acquired the amulet of Arhizu {Faith Dex+3}
  7273 | D:7      | Found a glowing golden altar of the Shining One.
  7510 | D:7      | Found a glowing golden altar of the Shining One.
  7675 | D:7      | Found a runed translucent gate.
  7675 | D:7      | Found a runed translucent gate.
  7676 | D:7      | Found a runed translucent gate.
  7686 | D:7      | Found an opulent altar of Gozag.
  7692 | D:7      | Noticed grandjackal's ghost (novice DjCA)
  7692 | D:7      | Noticed gekpol's ghost (novice NaFE)
  7715 | D:7      | Reached skill level 12 in Axes
  7717 | D:7      | Reached **** piety under Okawaru
  8237 | D:7      | Killed gekpol's ghost
  8238 | D:7      | Reached XP level 10. HP: 84/88 MP: 10/10
  8251 | D:7      | Killed grandjackal's ghost
  8251 | D:7      | Reached ***** piety under Okawaru
  8252 | D:7      | Reached skill level 13 in Axes
  8676 | D:8      | Found a snail-covered altar of Cheibriados.
  8743 | D:8      | Noticed a two-headed ogre
  8762 | D:8      | Killed a two-headed ogre
  8865 | D:8      | Noticed a two-headed ogre
  8876 | D:8      | Killed a two-headed ogre
  8876 | D:8      | Received a gift from Okawaru
  8877 | D:8      | Reached skill level 14 in Axes
  9291 | D:8      | Reached skill level 1 in Invocations
  9435 | D:8      | Found a staircase to the Lair.
 10166 | D:9      | Reached XP level 11. HP: 97/97 MP: 13/13
 10575 | D:9      | Acquired 762 gold pieces
 10618 | D:9      | Found Xoahurex's Weapon Shop.
 10618 | D:9      | Noticed a two-headed ogre
 10627 | D:9      | Received a gift from Okawaru
 10648 | D:9      | Killed a two-headed ogre
 10856 | D:9      | Found a bloodstained altar of Trog.
 10864 | D:9      | Reached skill level 10 in Fighting
 10880 | D:9      | Noticed an arcanist
 10886 | D:9      | Killed an arcanist
 11018 | D:10     | Entered Level 10 of the Dungeon
 11023 | D:10     | Found a white marble altar of Elyvilon.
 11041 | D:10     | Found an opulent altar of Gozag.
 11091 | D:10     | Noticed a two-headed ogre
 11104 | D:10     | Killed a two-headed ogre
 11457 | D:10     | Noticed a manticore
 11470 | D:10     | Killed a manticore
 11471 | D:10     | Reached skill level 15 in Axes
 11489 | D:10     | Reached skill level 5 in Invocations
 11520 | D:10     | Found a flagged portal.
 11532 | Bailey   | Entered a bailey
 11734 | Bailey   | Reached skill level 5 in Dodging
 11751 | Bailey   | Reached ****** piety under Okawaru
 11963 | Bailey   | Acquired the +4 executioner's axe of the Demagogue {heavy,
                  | rF+}
 11963 | Bailey   | Received a gift from Okawaru
 11964 | Bailey   | Acquired the +11 crystal plate armour of Okawaru's
                  | Castigation {Will+}
 11964 | Bailey   | Received a gift from Okawaru
 12214 | D:10     | Noticed a two-headed ogre
 12223 | D:10     | Killed a two-headed ogre
 12223 | D:10     | Received a gift from Okawaru
 12827 | D:11     | You fall into a shaft and drop 2 floors!
 12828 | D:13     | Noticed a catoblepas
 12850 | D:13     | Killed a catoblepas
 12874 | D:13     | Noticed a two-headed ogre
 12882 | D:13     | Killed a two-headed ogre
 12883 | D:13     | Reached XP level 12. HP: 103/110 MP: 17/17
 12908 | D:13     | Found a frozen archway.
 12919 | IceCv    | Entered an ice cave
 13162 | IceCv    | Received a gift from Okawaru
 13471 | IceCv    | Reached skill level 10 in Armour
 13774 | IceCv    | Reached skill level 1 in Ranged Weapons
 13949 | IceCv    | Identified the +5 scale mail of Denk {rPois Regen+ Str+3}
 13954 | IceCv    | Identified the +3 battleaxe of Tortured Conscience {freeze,
                  | Str+2}
 14033 | D:13     | Noticed a centaur warrior
 14033 | D:13     | Noticed a two-headed ogre
 14038 | D:13     | Killed a two-headed ogre
 14038 | D:13     | Noticed a two-headed ogre
 14041 | D:13     | Received a gift from Okawaru
 14041 | D:13     | Noticed a centaur warrior
 14042 | D:13     | Killed a centaur warrior
 14045 | D:13     | Killed a two-headed ogre
 14049 | D:13     | Killed a centaur warrior
 14053 | D:13     | Reached skill level 16 in Axes
 14151 | D:13     | Upgraded the game from 0.31-a0-1237-gabc64e778c to
                  | 0.31-a0-1278-g11c5b68f87
 14495 | D:13     | Found a gate to the Vaults.
 14495 | D:13     | Noticed an orc warlord
 14542 | D:13     | Killed an orc warlord
 14542 | D:13     | Received a gift from Okawaru
 14748 | Vaults:1 | Entered Level 1 of the Vaults
 14762 | Vaults:1 | Noticed a vault warden
 14762 | Vaults:1 | Noticed a yaktaur captain
 14762 | Vaults:1 | Noticed a great orb of eyes
 14771 | Vaults:1 | Killed a great orb of eyes
 14777 | Vaults:1 | Killed a vault warden
 14785 | Vaults:1 | Killed a yaktaur captain
 14786 | Vaults:1 | Reached XP level 13. HP: 53/118 MP: 19/19
 14823 | Vaults:1 | Noticed a yaktaur captain
 14823 | Vaults:1 | Noticed an ironbound thunderhulk
 14828 | Vaults:1 | Noticed a yaktaur captain
 14830 | Vaults:1 | Noticed an ironbound preserver
 14830 | Vaults:1 | Noticed a great orb of eyes
 14832 | Vaults:1 | Killed an ironbound thunderhulk
 14832 | Vaults:1 | Noticed a crystal guardian
 14835 | Vaults:1 | Noticed a crystal guardian
 14843 | Vaults:1 | Killed a yaktaur captain
 14844 | Vaults:1 | Reached skill level 1 in Throwing
 14846 | Vaults:1 | Killed a yaktaur captain
 14846 | Vaults:1 | Received a gift from Okawaru
 14847 | Vaults:1 | Reached skill level 17 in Axes
 14848 | Vaults:1 | HP: 4/118 [crystal guardian/crystal bolt[a peacekeeper]
                  | (9)]
 14849 | Vaults:1 | Killed from afar by a crystal guardian

Illustrated notes

Levels and vault maps discovered:
D:1:      matt_arrival_spirals, layout_basic, chequers_ecumenical_altar_island,
          st_stairs_8, minmay_misc_feat_rows
D:2:      layout_loops_ring
D:3:      layout_basic, zin_angel, gammafunk_temple_overflow_wave,
          grunt_decor_mini_mirrors
D:4:      layout_basic, mainiacjoe_overflow_surrounded_room,
          amethyst_overflow_temple_binary, cheibrodos_sewer_entry_bend,
          uniq_natasha
D:5:      layout_loops_ring, nicolae_overflow_crystal_walls, st_stairs_14,
          uniq_pikel
D:6:      layout_rooms, grunt_dithmenos_smoke_and_mirrors,
          mainiacjoe_overflow_tiny_flanked, lemuel_temple_firewalk_a,
          serial_shops, nicolae_take_the_stairs, nicolae_shop_rolled_up,
          serial_bayou, serial_bayou_crossing, serial_bayou_shore_a,
          serial_bayou_pond_a, serial_bayou_pond_d, kennysheep_small_square,
          uniq_sigmund
D:7:      layout_loops_ring, kennysheep_mini, gammafunk_ghost_cemetery,
          hangedman_feature_mirror
D:8:      layout_basic, cheibrodos_worm_habitat, erik_lair_dragon
D:9:      layout_long_grid, trog_wizard, kennysheep_windowed_goal
D:10:     layout_long_grid, mainiacjoe_overflow_brackets, lemuel_doored_altar,
          enter_bailey_7, dk_noncrumbling_2
D:11:     layout_long_grid, corexii_checkpoint
D:13:     layout_rooms, hellmonk_vaults_attempted_burglary,
          portal_ice_cave_entry_pillars_2
Vaults:1: vaults_standard_mumra_lines, vaults_dpeg_doors, v_misc_10,
          nicolae_vaults_mitosis, nicolae_vaults_meiosis,
          nicolae_vaults_little_squares_3, vaults_mumra_minichess_inversion,
          vaults_standard_mumra_x, vaults_room_door_ring,
          nicolae_vaults_diamond_1, nicolae_vaults_specimen_jars,
          nicolae_vaults_tetromino_T_1, ontoclasm_vaults_fault,
          nicolae_vaults_little_ls, layout_vaults_big_cross, serial_shops,
          bzr_entry_road, uniq_asterion

Skill      XL: |  1  2  3  4  5  6  7  8  9 10 11 12 13 |
---------------+----------------------------------------+-----
Axes           | 5 6 7 8 9 11 12 14 15 16 17 | 17.0
Armour         | 1 2 3 4 5 7 8 9 10 | 10.8
Fighting       | 4 5 6 8 9 11 12 | 12.3
Dodging        | 3 4 5 |  5.6
Stealth        | 1 2 |  2.5
Invocations    | 2 6 9 |  9.5
Ranged Weapons | 3 |  3.7
Throwing       | 1 |  1.0

Action                     |  1- 3 |  4- 6 |  7- 9 | 10-12 | 13-15 || total
---------------------------+-------+-------+-------+-------+-------++-------
  Melee: Hand axe          |   119 |   116 |   171 |   403 |       ||   809
         War axe           |       |    35 |    49 |       |       ||    84
         Battleaxe         |       |       |       |    62 |    20 ||    82
         Executioner's axe |       |       |       |    30 |       ||    30
   Fire: Arbalest          |       |       |       |    56 |       ||    56
  Throw: Dart              |       |       |       |     8 |       ||     8
         Javelin           |       |       |       |     3 |       ||     3
 Invoke: Receive Weapon    |       |       |       |     1 |       ||     1
         Receive Armour    |       |       |       |     1 |       ||     1
  Evoke: Wand              |       |       |       |     4 |       ||     4
    Use: Scroll            |       |     2 |    12 |    12 |     2 ||    28
         Potion            |       |       |       |     3 |     2 ||     5
   Stab: Fleeing           |       |       |       |       |     1 ||     1
 Armour: Chain mail        |    83 |    25 |       |       |       ||   108
         Robe              |     2 |       |       |       |       ||     2
         Scale mail        |       |    81 |   145 |   144 |       ||   370
         Crystal plate arm |       |       |       |   475 |    24 ||   499
  Dodge: Dodged            |    35 |    80 |   108 |   255 |     8 ||   486

Table legend: (Time is in decaauts)
 A = Elapsed time spent in this place.
 B = Non-inter-level travel time spent in this place.
 C = Inter-level travel time spent in this place.
 D = Time resting spent in this place.
 E = Time spent auto-exploring this place.
 F = Levels seen in this place.
 G = Mean time per level.
                   A        B        C        D        E       F      G
               +--------+--------+--------+--------+--------+-----+--------+
         Total |  14853 |  14853 |      0 |   3007 |     18 |  15 |  990.2 |
       Dungeon |  12960 |  12960 |      0 |   1935 |     18 |  12 | 1080.0 |
        Vaults |     96 |     96 |      0 |     14 |      0 |   1 |   96.0 |
        Bailey |    632 |    632 |      0 |    303 |      0 |   1 |  632.0 |
      Ice Cave |   1164 |   1164 |      0 |    755 |      0 |   1 | 1164.0 |
               +--------+--------+--------+--------+--------+-----+--------+

Top non-repeatable levels by time:
     D:8: 1700 daAuts
     D:3: 1350 daAuts
     D:4: 1348 daAuts
     D:1: 1244 daAuts
     D:6: 1209 daAuts
   IceCv: 1164 daAuts
     D:7: 1151 daAuts
     D:2: 1098 daAuts
     D:5: 1064 daAuts
    D:10: 1047 daAuts
    D:13: 835 daAuts
     D:9: 830 daAuts
  Bailey: 632 daAuts
Vaults:1: 96 daAuts
    D:11: 79 daAuts
